 Dungeon Crawl Stone Soup version 0.31.0-11-ge490571c62 (webtiles) character file.

Game seed: 14897789310609462790

9239 Yore the Fighter (level 11, -1/74 HPs)
             Began as a Gargoyle Fighter on Feb 1, 2024.
             Was a Believer of the Shining One.
             Slain by an Executioner (11 damage)
             ... on level 2 of the Abyss.
             The game lasted 00:17:26 (8766 turns).

Yore the Fighter (Gargoyle Fighter)                 Turns: 8766, Time: 00:17:26

Health: -1/74      AC: 25    Str: 20    XL:     11   Next: 43%
Magic:  16/16      EV:  9    Int:  9    God:    the Shining One [**....]
Gold:   72         SH: 11    Dex: 19    Spells: 10/10 levels left

rFire   . . .        y - +1 morningstar (holy)
rCold   . . .        n - +0 kite shield
rNeg    + + .        B - +2 acid dragon scales
rPois   ∞            v - +0 helmet
rElec   +            G - +0 cloak
rCorr   +            D - +2 pair of gloves
SInv    .            i - +0 pair of boots
Will    .....        (no amulet)
Stlth   +            d - +6 ring of dexterity
HPRegen 0.32/turn    b - ring of flight
MPRegen 0.15/turn

%: no passive effects
@: about to teleport, flying, glowing
A: sickness immunity, AC +8, negative energy resistance 1, electricity
resistance, torment resistance 1, petrification resistance
a: Renounce Religion, Divine Shield


You were on level 2 of the Abyss.
You worshipped the Shining One.
The Shining One was pleased with you.
You visited 2 branches of the dungeon, and saw 11 of its levels.
You visited the Abyss 1 time.

You collected 366 gold pieces.
You spent 294 gold pieces at shops.

Inventory:

Hand Weapons
 y - a +1 morningstar of holy wrath (weapon)
Missiles
 I - 3 boomerangs (quivered)
Armour
 i - a +0 pair of boots (worn)
 n - a +0 kite shield (worn)
 v - a +0 helmet (worn)
 B - +2 acid dragon scales (worn)
 D - a +2 pair of gloves (worn)
 G - a +0 cloak (worn)
Jewellery
 b - a ring of flight (right hand)
 d - a +6 ring of dexterity (left hand)
 o - a ring of fire
 q - a ring of fire
Wands
 c - a wand of flame (6)
 l - a wand of polymorph (13)
 t - a wand of light (10)
 A - a wand of roots (4)
Scrolls
 a - a scroll of brand weapon {unknown}
 e - a scroll of fog
 k - 2 scrolls of teleportation
 m - 3 scrolls of fear
 r - a scroll of acquirement {unknown}
 s - 2 scrolls of blinking {unknown}
 x - a scroll of amnesia {unknown}
 C - 2 scrolls of butterflies {unknown}
 F - a scroll of revelation {unknown}
 H - 2 scrolls of immolation {unknown}
 J - a scroll of torment {unknown}
Potions
 g - 4 potions of brilliance
 j - 5 potions of lignification
 p - a potion of enlightenment
 u - a potion of mutation
 w - 3 potions of magic
 z - a potion of resistance


   Skills:
 * Level 11.2 Fighting
 * Level 10.0 Maces & Flails
 + Level 8.4 Armour
 + Level 5.8 Shields
 * Level 7.7 Invocations


You had 10 spell levels left.
You didn't know any spells.
Your spell library contained the following spells:

 Spells                   Type           Power      Damage    Failure   Level
 Dazzling Flash           Conj/Hex       0%         N/A       98%         3
 Gell's Gravitas          Tloc           0%         N/A       98%         3
 Mephitic Cloud           Conj/Alch/Air  0%         N/A       98%         3
 Teleport Other           Tloc           0%         N/A       98%         3
 Curse of Agony           Necr           0%         N/A       100%        5
 Silence                  Hex/Air        0%         N/A       100%        5
 Dispersal                Tloc           0%         N/A       100%        6


Dungeon Overview and Level Annotations

Branches:
Dungeon (10/15)            Temple (1/1) D:5            Lair (0/5) D:9
    Orc: D:9-12

Altars:
Ashenzari
Cheibriados
Dithmenos
Elyvilon
Fedhas
Gozag
Hepliaklqana
Kikubaaqudgha
Makhleb
Nemelex Xobeh
Okawaru
Qazlal
Ru
Sif Muna
Trog
Uskayaw
Vehumet
Wu Jian
Xom
Yredelemnul
Zin
The Shining One

Shops:
D:2 *   D:8 ([*   D:10 :*((

Annotations:
D:2 1 runed translucent door, Crazy Yiuf
D:10 Erolcha


Innate Abilities, Weirdness & Mutations

You are immune to sickness and miasma.
Your stone body is resilient. (AC +8)
You are immune to poison.
You resist negative energy. (rN+)
You are resistant to electric shocks. (rElec)
You are resistant to unholy torment.
You are immune to petrification.


Message History

The Executioner closely misses you.
The Executioner hits you but does no damage.
You block the Executioner's attack.
You barely miss the Executioner.
The Executioner is heavily wounded.
The Executioner hits you!
The Executioner hits you but does no damage. x2
The Executioner hits you. You block the Executioner's attack.
The Executioner hits you but does no damage.
The Executioner hits you!
* * * LOW HITPOINT WARNING * * *
The Executioner hits you but does no damage.
You block the Executioner's attack.
You feel better. You block the Executioner's attack.
The Executioner hits you but does no damage. x2
The Executioner hits you!
* * * LOW HITPOINT WARNING * * *
You block the Executioner's attack.
The Executioner hits you but does no damage.
The Executioner closely misses you.
The Executioner hits you but does no damage. x2
You feel better. The Executioner hits you.
* * * LOW HITPOINT WARNING * * *
The Executioner hits you but does no damage.
You block the Executioner's attack. x2
The Executioner hits you but does no damage. x3
You block the Executioner's attack.
The Executioner hits you but does no damage.
You hit the Executioner but do no damage.
The Executioner is heavily wounded.
The Executioner hits you but does no damage.
You block the Executioner's attack. The Executioner hits you!
* * * LOW HITPOINT WARNING * * *
You block the Executioner's attack.
The Executioner hits you but does no damage.
You block the Executioner's attack.
The Executioner hits you but does no damage. x3
The Executioner attacks as it pursues you!
The Executioner hits you!
You die...

. ## #. .#
#####.#. #
##. .##.#.#
.....#..##
##.#..##.#
##
#.....#..##
##..# ##.
.#.#..##..#
.#.
##..#.@##
###.
#.##..###1#
#.#....###.
#.#
.....#.#.#
##. ..#
#..#. #. ..
##.# ### ##
.## #
#....# .# #
. .# #. #
## . # . .
...#


You could see an Executioner (fast).

Vanquished Creatures
  A caustic shrike zombie (Abyss:2)
  A two-headed ogre (D:10)
  A sun demon (Abyss:2)
  A sixfirhy (Abyss:2)
  Maurice (D:8)
  A rust devil (Abyss:2)
  Maggie (D:6)
  A troll (D:10)
  A hornet (D:9)
  A harpy skeleton (Abyss:2)
  A shadow (D:10)
  2 wyverns
  9 yaks (D:8)
  A steam dragon (D:9)
  Grum (D:8)
  A chaos spawn (Abyss:2)
  Menkaure (D:5)
  A neqoxec (Abyss:2)
  An acid dragon (D:10)
  An orc warrior (D:9)
  A sky beast (D:8)
  An ogre (D:7)
  3 wolves (D:8)
  3 centaurs
  A kobold brigand (D:9)
  A bullfrog (D:8)
  2 small abominations (Abyss:2)
  11 wights
  4 killer bees (D:10)
  2 howler monkeys
  A bombardier beetle (D:4)
  4 hounds
  2 jellies
  2 orc priests
  3 sleepcaps
  4 iguanas
  5 orc wizards
  11 gnolls
  6 adders
  A shadow imp (D:6)
  2 white imps
  4 dart slugs
  A ribbon worm (D:3)
  19 orcs
  11 ball pythons
  5 bats
  6 endoplasms
  A giant cockroach (D:1)
  7 goblins
  7 hobgoblins
  6 jackals (D:1)
  3 quokkas
  4 frilled lizards
  12 kobolds
  6 rats
  A spectral hobgoblin (D:1)
  A lurking horror (Abyss:2)
193 creatures vanquished.

Notes
Turn   | Place    | Note
-------+----------+-------------------------------------------
     0 | D:1      | Yore the Gargoyle Fighter began the quest for the Orb.
     0 | D:1      | Reached XP level 1. HP: 14/14 MP: 1/1
    95 | D:1      | Found a faded altar of an unknown god.
   212 | D:1      | Reached XP level 2. HP: 19/19 MP: 2/2
   312 | D:1      | Reached XP level 3. HP: 24/24 MP: 3/3
   641 | D:2      | Reached skill level 4 in Fighting
   648 | D:2      | Reached XP level 4. HP: 29/29 MP: 4/4
   784 | D:2      | Reached XP level 5. HP: 34/34 MP: 5/5
  1022 | D:2      | Found Poicrili's General Store.
  1027 | D:2      | Bought a scroll of fog for 56 gold pieces
  1164 | D:2      | Found a runed translucent door.
  1165 | D:2      | Noticed Crazy Yiuf
  1886 | D:3      | Identified the +2 scale mail of Elyvilon, Summoning {Dex+3}
  2427 | D:4      | Reached XP level 6. HP: 19/40 MP: 6/6
  2543 | D:4      | Reached skill level 5 in Fighting
  3133 | D:5      | Entered Level 5 of the Dungeon
  3208 | D:5      | Noticed Menkaure
  3290 | D:4      | Reached XP level 7. HP: 42/45 MP: 7/7
  3354 | D:5      | Killed Menkaure
  3355 | D:5      | Reached skill level 6 in Fighting
  3355 | D:5      | Reached skill level 5 in Maces & Flails
  3392 | D:5      | Found a staircase to the Ecumenical Temple.
  3404 | Temple   | Entered the Ecumenical Temple
  3423 | Temple   | Became a worshipper of the Shining One
  3549 | D:5      | Reached skill level 5 in Armour
  3938 | D:6      | Found an opulent altar of Gozag.
  4085 | D:6      | Reached XP level 8. HP: 52/52 MP: 8/8
  4103 | D:6      | Reached skill level 7 in Fighting
  4389 | D:6      | Noticed Maggie
  4401 | D:6      | Killed Maggie
  5370 | D:8      | Noticed a wyvern
  5378 | D:8      | Killed a wyvern
  5379 | D:8      | Reached skill level 8 in Fighting
  5379 | D:8      | Reached skill level 1 in Invocations
  5398 | D:8      | Noticed a yak
  5398 | D:8      | Noticed a yak
  5398 | D:8      | Noticed a yak
  5398 | D:8      | Noticed a yak
  5406 | D:8      | Killed a yak
  5407 | D:8      | Reached XP level 9. HP: 59/59 MP: 8/10
  5516 | D:8      | Noticed Maurice
  5522 | D:8      | Maurice stole a ring of fire
  5564 | D:8      | Maurice stole a throwing net
  5577 | D:8      | Maurice stole 153 gold
  5582 | D:8      | Reached * piety under the Shining One
  5596 | D:8      | HP: 3/60 [centaur/arrow (15)]
  5810 | D:8      | Found Ebioxaf's Weapon Boutique.
  5936 | D:8      | Killed Maurice
  5937 | D:8      | Reached skill level 9 in Fighting
  6064 | D:8      | Found Ehang's General Store.
  6416 | D:8      | Found Bant's Armour Shoppe.
  6426 | D:8      | Bought a +0 pair of boots for 63 gold pieces
  6426 | D:8      | Bought a +0 kite shield for 63 gold pieces
  6474 | D:8      | Noticed Grum
  6492 | D:8      | Reached XP level 10. HP: 54/66 MP: 13/13
  6499 | D:8      | Killed Grum
  6500 | D:8      | Reached skill level 5 in Invocations
  6849 | D:9      | Found a sacrificial altar of Ru.
  7036 | D:9      | You are sucked into a shaft and drop 1 floor!
  7036 | D:10     | Entered Level 10 of the Dungeon
  7109 | D:10     | Found Cenon's General Store.
  7121 | D:10     | Reached skill level 10 in Fighting
  7136 | D:10     | Bought 2 scrolls of fear for 112 gold pieces
  7150 | D:10     | Found Dusod's Antique Weapon Shoppe.
  7292 | D:10     | Noticed a two-headed ogre
  7640 | D:9      | Found a staircase to the Lair.
  7907 | D:10     | Found Kempatagh's Book Boutique.
  7912 | D:10     | Reached ** piety under the Shining One
  7953 | D:10     | Reached skill level 5 in Shields
  8088 | D:10     | Killed a two-headed ogre
  8206 | D:10     | Found Virodal's Weapon Shoppe.
  8217 | D:10     | Noticed Erolcha
  8219 | Abyss:2  | Cast into level 2 of the Abyss (Erolcha)
  8234 | Abyss:2  | Noticed a sun demon
  8241 | Abyss:2  | Killed a sun demon
  8242 | Abyss:2  | Reached XP level 11. HP: 73/73 MP: 13/16
  8289 | Abyss:2  | Noticed a starcursed mass
  8325 | Abyss:2  | Found a corrupted altar of Lugonu.
  8332 | Abyss:2  | Noticed a shard shrike skeleton
  8397 | Abyss:2  | Reached skill level 11 in Fighting
  8458 | Abyss:2  | Noticed a sixfirhy
  8465 | Abyss:2  | Killed a sixfirhy
  8466 | Abyss:2  | Reached skill level 10 in Maces & Flails
  8485 | Abyss:2  | Noticed a hellephant
  8755 | Abyss:2  | Noticed an Executioner
  8766 | Abyss:2  | Slain by an Executioner

Illustrated notes

Levels and vault maps discovered:
D:1:      amcnicky_arrival_wind_blow, layout_rooms,
          dreamdust_ecumenical_altar_drowned_temple
D:2:      layout_loops_ring, serial_shops, shop_fountains,
          uniq_crazy_yiuf_cottage
D:3:      layout_basic, minmay_ruptured
D:4:      layout_basic
D:5:      layout_rooms, minmay_temple_entry_grid, nicolae_underground_beach,
          uniq_menkaure
D:6:      nicolae_BIG_FREAKIN_CUBE, layout_cave_pools,
          nicolae_gozag_seed_capital, uniq_maggie
D:7:      layout_layer_cave
D:8:      layout_basic, serial_shops, nicolae_shop_tiny_waterfront, shop,
          nicolae_shop_tiny_statue_garden, st_stairs_8, nicolae_zen_rock_garden,
          uniq_grum, uniq_maurice
D:9:      layout_small_grid, nicolae_ru_great_annihilating_truth
D:10:     layout_irregular_city, serial_shops, nicolae_shop_waterfront, shop,
          nicolae_stop_n_shop_2, nicolae_shop_pleasant_corner_grove,
          kennysheep_little_box, uniq_erolcha
Temple:   nicolae_temple_slightly_damp_pantheon
Abyss:2:  base:
D:4

Skill      XL: |  1  2  3  4  5  6  7  8  9 10 11 |
---------------+----------------------------------+-----
Fighting       | 4 5 6 8 9 10 11 | 11.2
Maces & Flails | 3 4 5 7 8 9 10 | 10.0
Shields        | 4 5 |  5.8
Armour         | 4 5 6 7 8 |  8.4
Invocations    | 2 4 7 |  7.7

Action                     |  1- 3 |  4- 6 |  7- 9 | 10-12 || total
---------------------------+-------+-------+-------+-------++-------
  Melee: Flail             |   123 |   216 |    83 |       ||   422
         Morningstar       |       |       |   172 |   186 ||   358
  Throw: Throwing net      |       |       |     1 |       ||     1
 Invoke: Divine Shield     |       |       |       |     1 ||     1
  Evoke: Wand              |       |       |    14 |     5 ||    19
    Use: Potion            |       |     1 |     3 |     6 ||    10
         Scroll            |       |       |     9 |     7 ||    16
 Armour: Scale mail        |   124 |   150 |    68 |       ||   342
         Acid dragon scale |       |       |    98 |   235 ||   333
         Skin              |       |       |    34 |       ||    34
  Dodge: Dodged            |    87 |    80 |    93 |   115 ||   375
  Block: Buckler           |    31 |    48 |    62 |       ||   141
         Kite shield       |       |       |     6 |   180 ||   186
